[Event "MPL-4 Indian Chess Tour 2022"]
[Site "Chess24"]
[Date "2022.09.27"]
[Round "10.5"]
[White "Pranav, V."]
[Black "Aronyak Ghosh"]
[Result "1-0"]
[ECO "B12"]
[WhiteElo "2530"]
[BlackElo "2519"]
[Annotator "TA"]
[PlyCount "117"]
[EventDate "2022.09.29"]
[EventType "tourn (rapid)"]
[EventCountry "NET"]
[SourceTitle "playchess.com"]
[Source "ChessBase"]
[SourceQuality "1"]
[WhiteTeam "India"]
[BlackTeam "India"]
[WhiteTeamCountry "IND"]
[BlackTeamCountry "IND"]
[TimeControl "900+10"]

1. e4 c6 2. d4 d5 3. e5 Bf5 4. h4 h5 5. Bd3 Bxd3 6. Qxd3 {[%emt 0:00:00][%cal Oe5e6] B12: Caro-Kann: Advance Variation.} Qa5+ 7. Nd2 {[%emt 0:00:01][%cal Oe5e6] e6! is the strong threat.} e6 $1 8. Ngf3 {[%emt 0:00:02] The position is equal.} Nh6 9. O-O Nf5 10. a4 Be7 11. g3 Nd7 12. Nb3 Qa6 13. Qd1 c5 {[%emt 0:01:05] [#]} 14. c3 $1 $146 {[%emt 0:00:01][%mdl 8] A relevant novelty.} ({Predecessor:} 14. dxc5 Bxc5 15. c3 Rc8 16. Nbd4 Bxd4 17. Nxd4 Nxd4 18. cxd4 f6 19. Bf4 fxe5 20. dxe5 {1-0 (36) Perez Ponsa,F (2561)-Peralta,F (2573) Villa Martelli 2021}) 14... Rc8 15. Re1 g6 16. Bg5 Bxg5 17. Nxg5 Kf8 18. Kg2 Kg7 19. Ra3 Qb6 20. Qd2 Rhd8 21. Re2 Qa6 22. Re1 Nb6 (22... Qb6 $11) 23. Qf4 (23. dxc5 $2 Nc4 24. Qf4 Nxa3 25. bxa3 Re8 $17) (23. Nxc5 $14 Rxc5 24. dxc5) 23... Nc4 $11 24. Ra2 b6 25. Nf3 Qb7 26. Rh1 (26. a5 $11) 26... Rh8 (26... Rf8 $15 27. a5 (27. Qg5 f6 $15) 27... Nxa5 28. Nxa5 bxa5) 27. Nc1 Qe7 28. Ne2 Na5 29. Raa1 Nc6 30. Rac1 cxd4 31. Nexd4 Ncxd4 32. Nxd4 Rc4 33. b3 Rc5 34. Nxf5+ exf5 35. Rhe1 Qe6 36. Qd4 Rhc8 37. Re3 Kg8 38. Rd1 R8c6 $2 (38... f4 $11 {and Black has nothing to worry.} 39. Qxf4 Rxc3) 39. b4 $2 (39. c4 $1 $18 {[%cal Rc4d5] is the precise move to win.} f4 40. gxf4 (40. Qxf4 dxc4 41. bxc4 Kg7 $11) 40... Qg4+ 41. Rg3) 39... Rc4 $16 40. Qxd5 {[%emt 0:00:00] White is more active.} Qxd5+ 41. Rxd5 Rxc3 $2 {[%emt 0:00:04] Black cannot hold the game after this.} (41... Kf8 $16) 42. Rxc3 $18 Rxc3 $16 {[%emt 0:00:00][%mdl 4096] Endgame [#] KR-KR} 43. Rd8+ $1 Kg7 44. Rd7 Rc4 45. e6 $1 {[%emt 0:00:17] Hoping for e7.} ({Weaker is} 45. Rxa7 Rxb4 46. Kf3 Kf8 $11) 45... Rxb4 46. Rxf7+ Kg8 47. Rxa7 {[%emt 0:00:01] Threatens to win with Ra8+.} Re4 48. Kf3 Kf8 49. Rf7+ Ke8 {[%emt 0:00:02] [#]} 50. Rf6 $1 Rg4 51. e7 $1 Kxe7 52. Rxb6 {[%emt 0:00:01] aiming for a5.} Kf7 $2 (52... Rxa4 53. Rxg6 Kf7) 53. a5 $18 Ra4 54. a6 Ra2 $2 (54... Re4 55. Rb8 Ra4) 55. Rc6 Kg7 56. Ke3 {[%emt 0:00:04] And now Kd4 would win.} Kf7 (56... Ra4 $142 57. Kd3 f4) 57. Kd4 Rxf2 58. Kc5 Rb2 59. a7 {[%emt 0:00:07] Weighted Error Value: White=0.17 (very precise) /Black=0.47} 1-0

[Event "MPL-4 Indian Chess Tour 2022"]
[Site "Chess24"]
[Date "2022.09.27"]
[Round "10.6"]
[White "Puranik, Abhimanyu"]
[Black "Bharath Subramaniyam H"]
[Result "0-1"]
[ECO "D45"]
[WhiteElo "2603"]
[BlackElo "2495"]
[Annotator "TA"]
[PlyCount "78"]
[EventDate "2022.09.29"]
[EventType "tourn (rapid)"]
[EventCountry "NET"]
[SourceTitle "playchess.com"]
[Source "ChessBase"]
[SourceQuality "1"]
[WhiteTeam "India"]
[BlackTeam "India"]
[WhiteTeamCountry "IND"]
[BlackTeamCountry "IND"]
[TimeControl "900+10"]

1. c4 c6 2. Nf3 d5 3. e3 Nf6 4. Nc3 e6 5. Qc2 Bd6 6. d4 Nbd7 7. b3 O-O 8. Be2 b6 9. Bb2 Bb7 10. O-O Qe7 11. a4 {[%emt 0:00:03] D45: Semi-Slav: 5 e3.} Bb4 12. Na2 Bd6 13. a5 {[%emt 0:00:05][%cal Oa5a6] The position is equal.} bxa5 14. c5 Bc7 15. Nc1 {[%emt 0:00:15][%mdl 1024] [#] White has compensation.} Ne4 $146 ({Predecessor:} 15... e5 16. Nxe5 Nxe5 17. dxe5 Bxe5 18. Bxe5 Qxe5 19. Rxa5 Bc8 20. Nd3 Qe7 21. Nb4 Bd7 {1-0 (60) Volkov,S (2570)-Morgachev,S (2133) Cheliabinsk 2020}) 16. Bd3 f5 17. Ne2 g5 18. Rfc1 ({White should try} 18. Ne5 $1 $11) 18... g4 19. Ne5 ({Don't play} 19. Bxe4 fxe4 20. Ne5 Nxe5 21. dxe5 Qf7 $17) 19... Nxe5 20. dxe5 Qg7 21. Nf4 Bc8 ({Much less strong is} 21... Bxe5 22. Nxe6 Bxh2+ 23. Kf1 $14) 22. Bd4 Bxe5 23. Nh5 Qc7 (23... Bxh2+ $5 24. Kxh2 Qh6 $15) 24. Bxe5 Qxe5 25. Rxa5 Qc7 26. Rca1 e5 27. b4 Qf7 28. Ng3 Ng5 {[%emt 0:00:05] Hoping for ...f4.} 29. Ne2 f4 30. exf4 exf4 31. Qd2 Qf6 (31... a6 $15 32. Nd4 Qf6) 32. Nd4 Kh8 33. Qc3 {[%emt 0:01:37] This move loses the game for White.} ({Better is} 33. Nb3 $15) 33... f3 $19 {[%emt 0:00:41] White must now prevent ...fxg2.} 34. g3 {[%emt 0:00:01] [#]} (34. R5a3 fxg2 35. Kxg2) 34... Ne6 $1 35. Rxa7 $2 (35. Nb5 cxb5 36. Qxf6+ Rxf6 37. Rxa7 Rxa7 38. Rxa7) 35... Rxa7 {[%emt 0:00:02] Black is clearly winning.} 36. Rxa7 Nxd4 37. Kf1 {[%emt 0:00:32] Against Ne2} Bf5 38. Ra6 Bxd3+ 39. Qxd3 Qe5 {[%emt 0:00:12] Weighted Error Value: White=0.57/Black=0.10 (very precise)} 0-1

[Event "MPL-4 Indian Chess Tour 2022"]
[Site "Chess24"]
[Date "2022.09.27"]
[Round "10.7"]
[White "Aditya Mittal"]
[Black "Vaibhav, Suri"]
[Result "1-0"]
[ECO "E18"]
[WhiteElo "2485"]
[BlackElo "2600"]
[Annotator "TA"]
[PlyCount "95"]
[EventDate "2022.09.29"]
[EventType "tourn (rapid)"]
[EventCountry "NET"]
[SourceTitle "playchess.com"]
[Source "ChessBase"]
[SourceQuality "1"]
[WhiteTeam "India"]
[BlackTeam "India"]
[WhiteTeamCountry "IND"]
[BlackTeamCountry "IND"]
[TimeControl "900+10"]

1. Nf3 d5 2. g3 Nf6 3. Bg2 e6 4. O-O b6 5. c4 Bb7 6. cxd5 exd5 7. Nc3 Be7 8. d4 O-O 9. Bf4 Na6 10. Ne5 c5 11. Qa4 {[%emt 0:00:56] E18: Queen's Indian: Old Main Line (4 g3 Bb7 5 Bg2 Be7 6 0-0 0-0 7 Nc3).} Qe8 12. Qxe8 Rfxe8 13. Nb5 {[%emt 0:00:23] White is slightly better.} Ne4 14. dxc5 {[%emt 0:01:35] [#]} Bxc5 $146 {[%emt 0:03:17] Hoping for ...g5.} ({Predecessor:} 14... Nexc5 15. Nf3 Bf6 16. Nfd4 Rad8 17. Be3 Ne6 18. Rfd1 Nxd4 19. Nxd4 Nc5 20. Rac1 Ne6 {½-½ (40) Pesotskiy,M (2205)-Palchun,G (2394) St Petersburg 2018}) 15. Nd3 Bc6 {[%emt 0:03:20] [#]} 16. a4 Re7 17. Rac1 (17. Rfc1 $5 ) 17... Rd8 18. Rfd1 h6 19. h4 Be8 20. e3 f6 21. f3 g5 22. fxe4 ({Of course not} 22. Nxc5 Nexc5 23. Bd6 Rxe3 24. Rxd5 Nd3 $15) 22... gxf4 23. Nxc5 Nxc5 24. exf4 (24. Nc3 $5 ) 24... Nxe4 25. Rc7 Rxc7 26. Nxc7 {[%emt 0:00:00] And now Bxe4 would win.} Nxg3 (26... Bxa4 $11 {might be stronger.} 27. Rd4 Bc2) 27. Kf2 ({Don't play} 27. Nxd5 Kf8 28. Bf3 Bxa4 $15) 27... Nf5 $1 28. Nxe8 ({But not} 28. Nxd5 Kf8 $15) 28... Rxe8 29. Rxd5 Nxh4 $11 {[%emt 0:00:48][%mdl 4096] Endgame KRB-KRN} 30. Bf1 Ng6 31. Kf3 Re7 32. Bd3 Kg7 33. Kg4 Rc7 34. Bxg6 Kxg6 {[%emt 0:00:03] KR-KR} 35. f5+ Kh7 36. Rd6 Kg7 37. Kh5 Rb7 38. b4 Rc7 39. a5 bxa5 40. bxa5 Rb7 41. a6 Rc7 42. Rd8 Rc6 $2 {[%emt 0:00:23][%mdl 8192] [#]} (42... Kh7 $11) 43. Rd7+ {[%emt 0:00:03] White mates.} Kf8 44. Rxa7 Rb6 45. Kxh6 Rc6 46. Kg6 Ke8 47. Ra8+ Rc8 48. Rxc8+ {[%emt 0:00:02] Weighted Error Value: White=0.05 (flawless) /Black=0.25 (precise)} 1-0

[Event "MPL-4 Indian Chess Tour 2022"]
[Site "Chess24"]
[Date "2022.09.27"]
[Round "10.8"]
[White "Sethuraman, S.P."]
[Black "Mitrabha, Guha"]
[Result "1-0"]
[ECO "A70"]
[WhiteElo "2638"]
[BlackElo "2471"]
[Annotator "TA"]
[PlyCount "73"]
[EventDate "2022.09.29"]
[EventType "tourn (rapid)"]
[EventCountry "NET"]
[SourceTitle "playchess.com"]
[Source "ChessBase"]
[SourceQuality "1"]
[WhiteTeam "India"]
[BlackTeam "India"]
[WhiteTeamCountry "IND"]
[BlackTeamCountry "IND"]
[TimeControl "900+10"]

1. d4 Nf6 2. c4 c5 3. d5 e6 4. Nc3 d6 5. e4 g6 6. Nf3 exd5 7. cxd5 Bg4 {[%emt 0:00:02] 7...a6 is becoming the main line. A70: Modern Benoni: 6 e4 g6 7 Nf3.} (7... a6 $14) 8. Qb3 (8. Qa4+ $16 Bd7 9. Qb3) 8... Bxf3 $11 {[%emt 0:00:02] [#]} 9. gxf3 $146 ({Predecessor:} 9. Qxb7 Nbd7 10. gxf3 Bg7 11. Qa6 O-O 12. Be2 Nh5 13. f4 Qh4 14. Qxd6 Ndf6 15. e5 {½-½ (57) Drygalov,S (2530)-Harshavardhan,G (2367) Chess.com INT 2022}) 9... Nbd7 {[%emt 0:00:01] White is slightly better.} 10. Be2 Bg7 11. Bf4 (11. Qxb7 O-O $16) 11... Ne5 (11... Nb6 $14) 12. Qa4+ (12. Qxb7 Nfd7 $14) (12. Bxe5 $16 {Black must now prevent Qa4+.} dxe5 13. Qb5+ (13. Qxb7 O-O $16) 13... Qd7 14. Qxc5) 12... Nfd7 13. Be3 {[%emt 0:01:44] And now f4 would win.} a6 14. f4 b5 15. Qc2 Nc4 16. Bxc4 bxc4 17. h4 O-O 18. h5 Rb8 19. Kf1 Nf6 20. hxg6 fxg6 21. Qe2 (21. Re1 $11 {keeps the balance.}) 21... Qe7 ({Black should play} 21... Nh5 $17 22. f5 Qe7) 22. Qxc4 $2 (22. e5 $1 $15 Nh5 23. exd6) 22... Rb4 23. Qd3 Nxe4 (23... Nh5 $19 24. a3 Rxb2) 24. Re1 $17 (24. a3 $2 Nxf2 $1 25. Bxf2 Rbxf4 $19) 24... Re8 (24... Nxc3 $17 25. bxc3 c4) 25. Re2 (25. Bc1 $11 {was the only way to keep the balance.}) 25... Nxc3 26. bxc3 Re4 27. Qxa6 (27. c4 $17) 27... Bxc3 (27... g5 $19 28. fxg5 Qf7 29. Qxd6 Rxe3 30. Rxe3 Rxe3) 28. f5 (28. Rh3 $17 {was necessary.}) 28... Bd4 ({Don't go for} 28... gxf5 $2 29. Qd3 Bf6 30. Rc2 $19) (28... Qf7 $19 {has better winning chances.} 29. Qd3 (29. Qxd6 $2 Qxf5 30. Qxc5 Qf3 $19) 29... Bg7 30. fxg6 hxg6) 29. Rh3 gxf5 ({And not} 29... Bxe3 30. Rexe3 Rf8 31. Rxe4 Qxe4 32. Qxd6 Qxf5 33. Qe6+ Qxe6 34. dxe6 $15) 30. Rg3+ $2 {[%emt 0:01:32] [#]} (30. Bxd4 $17 Rxe2 31. Rg3+ Kf8 32. Be3) 30... Kf8 $2 (30... Kh8 $1 $19 {aiming for ...f4.} 31. Bxd4+ cxd4 32. Rxe4 Qxe4) 31. Bg5 $11 Qe5 {[%emt 0:02:20][%mdl 8192] [#]} (31... Qd7 $11 32. Rxe4 fxe4) 32. Rxe4 $1 $18 {[%emt 0:00:50][%mdl 64] Deflection} ({Inferior is} 32. Bh6+ Kf7 33. Rg7+ Qxg7 34. Bxg7 Rxe2 35. Bxd4 cxd4 $11) 32... Qxe4 33. Qxd6+ {[%emt 0:00:03] White mates.} Re7 34. Bxe7+ Qxe7 35. Qh6+ Ke8 36. Rg8+ Kf7 37. Qxh7+ {[%emt 0:00:04] Never resign too early!  Weighted Error Value: White=0.51/Black=0.66} 1-0

[Event "MPL-4 Indian Chess Tour 2022"]
[Site "Chess24"]
[Date "2022.09.27"]
[Round "11.1"]
[White "Mitrabha, Guha"]
[Black "Raja Harshit"]
[Result "1/2-1/2"]
[ECO "E49"]
[WhiteElo "2471"]
[BlackElo "2459"]
[Annotator "TA"]
[PlyCount "143"]
[EventDate "2022.09.29"]
[EventType "tourn (rapid)"]
[EventCountry "NET"]
[SourceTitle "playchess.com"]
[Source "ChessBase"]
[SourceQuality "1"]
[WhiteTeam "India"]
[BlackTeam "India"]
[WhiteTeamCountry "IND"]
[BlackTeamCountry "IND"]
[TimeControl "900+10"]

1. d4 {[%emt 0:00:00] Ftacnik,L} Nf6 2. c4 e6 3. Nc3 Bb4 4. e3 O-O 5. Bd3 d5 6. Nge2 dxc4 7. Bxc4 c5 8. a3 Bxc3+ 9. bxc3 Qc7 10. Bd3 Nc6 {[%emt 0:00:05] 10...b6 is the modern continuation.} 11. O-O {[%emt 0:00:05] E49: Nimzo-Indian: Rubinstein: 5 Bd3 d5 6 a3 Bxc3+ 7 bxc3.} e5 (11... Ng4 12. Nf4 Nf6 13. Nh5 $14 (13. dxc5 Ne5 $11)) (11... c4 12. Bxc4 e5 13. Bd3 $16) 12. e4 cxd4 13. cxd4 exd4 14. h3 Re8 15. Ng3 Ne5 {[%emt 0:00:12] [#] ...Qc3 is the strong threat.} 16. Bb1 $146 ({Of course not} 16. Bf4 Bd7 $15) ({Predecessor:} 16. Bf4 Bd7 17. Bxe5 Qxe5 18. f4 Qa5 19. e5 Nd5 20. Qh5 h6 21. Ne4 Re7 22. Rf3 {0-1 (34) Lein,A (2485)-Hjartarson,J (2505) Reykjavik 1990 CBM 018 [Ftacnik,L]}) 16... Qc3 17. Ra2 Be6 18. Rd2 Bb3 19. Qe1 Bc4 20. Bb2 Qa5 21. Rxd4 {[%emt 0:00:05] [#]} (21. f4 $1 $11 Nc6 22. Rff2) 21... Qb5 ({Better is} 21... Qb6 $1 $17 22. Rd2 Bxf1 23. Qxf1 Qb3) 22. Rxc4 $1 $11 Qxb2 (22... Qxc4 $15 23. Qe3 Qe6) 23. Rb4 Qxa3 24. Rxb7 Nc4 25. Qb4 (25. Rc7 $14 Rec8 26. Rxc8+ Rxc8 27. e5) 25... Qxb4 26. Rxb4 Nd2 {[%emt 0:00:30] Pair of Knights!} 27. Rd1 Red8 {[%emt 0:01:17][%cal Od2f3] Threatens to win with ...Nf3+!} 28. Rc1 a5 29. Rb7 Nxb1 30. Rcxb1 a4 31. Ra1 Rd4 {[%emt 0:01:01] Inhibits Rb4.} 32. f3 g6 {[%emt 0:00:32] Prevents Nf5.} 33. Ne2 Rc4 34. Ra3 Rc2 35. Nf4 Rd8 (35... Rd2 $11 {keeps the balance.}) 36. Rxa4 $16 g5 37. e5 Nd7 38. e6 (38. Rd4 $16 gxf4 39. Rdxd7 (39. Rbxd7 Rxd7 40. Rxd7 Re2 $16) 39... Rxd7 40. Rxd7) 38... Nc5 $36 {[%emt 0:00:03][%mdl 2048] Black is pushing.} 39. e7 ({Don't play} 39. exf7+ Kf8 40. Rba7 gxf4 41. Rxf4 Ne6 $15) 39... Nxb7 (39... Re8 $2 {[#]} 40. Nd5 $1 Kg7 41. Rc7 $18) 40. exd8=Q+ Nxd8 {[%emt 0:00:00][%mdl 4096] Endgame KRN-KRN} 41. Nh5 Kf8 42. Ra8 Rd2 43. Kh2 Ke7 44. Ra7+ Kf8 45. Kg3 Ne6 46. Ra8+ Ke7 47. Rh8 Nf8 48. Rg8 Ng6 49. f4 h6 50. fxg5 hxg5 51. Ra8 Nh4 52. Ra7+ Ke6 53. Ra6+ Ke7 54. Ra7+ Kd8 55. Nf4 Ke8 56. Ra5 f6 57. Kg4 Nxg2 {[%emt 0:00:14] aiming for ...Rd4.} 58. Nh5 (58. Ra8+ $11 Kd7 59. Ra7+ Kd6 60. Ra6+ Ke7 61. Ra7+ Kd8 62. Ne6+ Ke8 63. Ng7+ Kd8 64. Ne6+ Ke8 65. Ng7+ Kd8 66. Ne6+) 58... Ne3+ (58... Kf7 $15 59. Nxf6 Kxf6 60. Ra6+ Ke5) 59. Kf3 {[%emt 0:00:02] The position is equal.} Nc4 60. Nxf6+ Kf7 61. Rc5 Rd3+ 62. Ke2 Re3+ 63. Kf2 Kxf6 64. Rxc4 Rxh3 {[%emt 0:00:02] KR-KR} 65. Kg2 $1 Ra3 66. Rb4 Kg6 67. Rb8 Kh5 68. Rb4 g4 69. Rb8 Rh3 70. Rh8+ Kg5 71. Rxh3 gxh3+ 72. Kxh3 {[%emt 0:00:01] Weighted Error Value: White=0.11 (very precise) /Black=0.11 (very precise)} 1/2-1/2

[Event "MPL-4 Indian Chess Tour 2022"]
[Site "Chess24"]
[Date "2022.09.27"]
[Round "11.2"]
[White "Vaibhav, Suri"]
[Black "Sethuraman, S.P."]
[Result "1-0"]
[ECO "B55"]
[WhiteElo "2600"]
[BlackElo "2638"]
[Annotator "TA"]
[PlyCount "85"]
[EventDate "2022.09.29"]
[EventType "tourn (rapid)"]
[EventCountry "NET"]
[SourceTitle "playchess.com"]
[Source "ChessBase"]
[SourceQuality "1"]
[WhiteTeam "India"]
[BlackTeam "India"]
[WhiteTeamCountry "IND"]
[BlackTeamCountry "IND"]
[TimeControl "900+10"]

1. e4 c5 2. Nf3 d6 3. d4 cxd4 4. Nxd4 Nf6 5. f3 e5 6. Nb3 Be6 7. c4 Nbd7 (7... Nxe4 8. fxe4 Qh4+ 9. Kd2 $16) 8. Nc3 {[%emt 0:00:02] B55: Sicilian: 2...d6 3 d4 cxd4 4 Nxd4 Nf6 5 f3.} Rc8 9. Be3 Bxc4 10. Bxc4 {[%emt 0:00:02] The position is equal.} Rxc4 11. Qd3 Rc6 12. g4 Be7 13. O-O-O {[%emt 0:01:11][%mdl 1024] White has compensation.} O-O 14. Kb1 a6 15. h4 {[%emt 0:00:27] [#]} (15. g5 $5 ) 15... Qc8 $146 ({Black should play} 15... Nc5 $14 16. Nxc5 dxc5) ({Predecessor:} 15... Nc5 16. Nxc5 dxc5 17. Qxd8 Rxd8 18. Rxd8+ Bxd8 19. Rd1 Bc7 20. g5 Ne8 21. Rd7 Rd6 {1-0 (38) So,W (2770)-Topalov,V (2761) Leuven 2016}) 16. g5 $16 {[%emt 0:00:07] White is more active.} Rxc3 17. Qxc3 (17. bxc3 Nh5 $16) 17... Qxc3 18. bxc3 Nh5 19. Na5 {[%emt 0:00:02] aiming for Nc4.} Rc8 {[%emt 0:01:40] Prevents Nc4.} 20. c4 (20. Nxb7 Rb8 21. Kc2 Rxb7 $17) (20. Kc2 $142) 20... f6 {[%emt 0:02:20] Black cannot hold the game after this.} (20... Rc7 $16) 21. Rh2 $18 (21. Nxb7 Rb8 22. gxf6 Rxb7+ 23. Kc2 Nhxf6 $19) (21. gxf6 Nhxf6 22. Rh2 (22. Nxb7 $2 Rb8 $19) 22... b6 $14) 21... Nc5 22. Bxc5 Rxc5 23. Nxb7 Rc6 24. Rhd2 fxg5 25. hxg5 ({Much less strong is} 25. Nxd6 $6 gxh4 26. Nf5 Bg5 $16) 25... Bxg5 26. Na5 ({Worse is} 26. Nxd6 Bxd2 27. Rxd2 Nf4 $15) ({Don't play} 26. Rxd6 $6 Rxc4 27. Nd8 Rc3 28. Rxa6 Rxf3 $18) 26... Rc5 {[%emt 0:01:08] [#]} 27. Rd5 Nf4 28. Rxc5 dxc5 {[%emt 0:00:00][%mdl 4096] Endgame KRN-KBN} 29. Nb7 Be7 30. Kc2 h5 31. Kd2 h4 32. Ke3 Kf7 33. Nd6+ Ke6 (33... Kg6 $142 34. Ne8 a5) 34. Nf5 Bf8 35. Nxh4 {[%emt 0:00:12] White is clearly winning.} g6 36. Kf2 Kf7 (36... Be7 $142 37. Ng2 g5) 37. Ng2 Ne6 38. Rd7+ Ke8 39. Ra7 Bd6 40. Ne3 Nf4 41. Rxa6 Kd7 42. a4 Nd3+ 43. Kg3 {[%emt 0:00:02] Weighted Error Value: White=0.04 (flawless) /Black=0.42} 1-0

[Event "MPL-4 Indian Chess Tour 2022"]
[Site "Chess24"]
[Date "2022.09.27"]
[Round "11.3"]
[White "Bharath Subramaniyam H"]
[Black "Aditya Mittal"]
[Result "1/2-1/2"]
[ECO "B52"]
[WhiteElo "2495"]
[BlackElo "2485"]
[Annotator "TA"]
[PlyCount "81"]
[EventDate "2022.09.29"]
[EventType "tourn (rapid)"]
[EventCountry "NET"]
[SourceTitle "playchess.com"]
[Source "ChessBase"]
[SourceQuality "1"]
[WhiteTeam "India"]
[BlackTeam "India"]
[WhiteTeamCountry "IND"]
[BlackTeamCountry "IND"]
[TimeControl "900+10"]

1. e4 c5 2. Nf3 d6 3. Bb5+ Bd7 4. c4 Nc6 5. Nc3 e5 6. d3 {[%emt 0:00:08] B52: Sicilian: Moscow Variation with 3...Bd7.} Nge7 7. a3 h6 8. O-O {[%emt 0:01:42] [#]} g5 $146 ({Predecessor:} 8... g6 9. b4 Bg7 10. Be3 Nd4 11. Bxd7+ Qxd7 12. bxc5 dxc5 13. Nd5 Nxd5 14. Bxd4 exd4 15. exd5 {1-0 (45) Kantans,T (2491)-Mucha,R (2190) Jastrzebia Gora 2016}) 9. b4 Bg7 10. Ne1 O-O 11. Nc2 f5 12. exf5 Bxf5 13. Ne4 cxb4 14. axb4 d5 (14... a6 $14 15. Bxc6 bxc6) 15. Nc5 {[%emt 0:01:18] White is more active.} (15. cxd5 $16 Nxd5 16. Bc4) 15... a6 16. Nxb7 (16. Bxc6 $5 bxc6 17. Ne3 $14) 16... Qc7 17. Bxc6 Qxc6 18. Na5 Qg6 19. Ra3 {[%emt 0:01:17] next Ne3 is good for White.} dxc4 $1 20. Nxc4 Rfd8 21. Nb2 Nd5 22. Ne3 e4 (22... Be6 $11) 23. Nxf5 $16 Qxf5 24. dxe4 Qxe4 25. Rd3 {[%emt 0:00:20] Hoping for Re1.} Kh7 {[%emt 0:00:11] [#] White must now prevent ...Nc3.} 26. f3 Qf5 27. Qb3 (27. g4 $5 Qf7 28. Na4 $14) 27... Rab8 $1 {[%emt 0:01:06] The position is equal.} 28. Rfd1 Rxb4 (28... Rb5 {with more complications.} 29. h3 Rxb4 30. Qa3 Qc8) 29. Rxd5 Rxb3 30. Rxf5 Rxd1+ 31. Nxd1 {[%emt 0:00:02] [#] aiming for Rd5.} Rb1 32. Be3 {[%emt 0:00:09] Strongly threatening Rd5.} Rxd1+ $11 {[%emt 0:00:04][%mdl 4096] Endgame KRB-KRB} 33. Kf2 Kg6 34. Ra5 Ra1 35. Rd5 Ra2+ 36. Kg3 a5 37. h4 gxh4+ 38. Kxh4 Rxg2 39. Rxa5 Re2 40. Bf4 Bf6+ 41. Kh3 {[%emt 0:00:04] Weighted Error Value: White=0.10 (very precise) /Black=0.08 (flawless)} 1/2-1/2

[Event "MPL-4 Indian Chess Tour 2022"]
[Site "Chess24"]
[Date "2022.09.27"]
[Round "11.4"]
[White "Aronyak Ghosh"]
[Black "Puranik, Abhimanyu"]
[Result "1-0"]
[ECO "A34"]
[WhiteElo "2519"]
[BlackElo "2603"]
[Annotator "TA"]
[PlyCount "29"]
[EventDate "2022.09.29"]
[EventType "tourn (rapid)"]
[EventCountry "NET"]
[SourceTitle "playchess.com"]
[Source "ChessBase"]
[SourceQuality "1"]
[WhiteTeam "India"]
[BlackTeam "India"]
[WhiteTeamCountry "IND"]
[BlackTeamCountry "IND"]
[TimeControl "900+10"]

1. Nf3 Nf6 2. g3 c5 3. c4 Nc6 4. Nc3 d5 5. d4 dxc4 (5... e6 $11) 6. d5 $16 {[%emt 0:00:07] A34: Symmetrical English: 2 Nc3, lines with ...d5.} Nb4 7. e4 {[%emt 0:00:30] Prevents Bf5.} Bg4 8. Bxc4 {[%emt 0:00:08] White is better.} a6 (8... Bxf3 $14 9. Qxf3 (9. Bb5+ Nd7 $17) 9... Nc2+ 10. Kf1 Qc8) 9. Be2 {[%emt 0:01:03] [#] Hoping for a3.} e6 $146 {[%emt 0:00:41] [#]} (9... c4 $16) ({Predecessor:} 9... Qa5 10. Ne5 Bxe2 11. Qxe2 Qc7 12. Bf4 g5 13. Nxf7 gxf4 14. Nxh8 f3 15. Qd2 Qe5 {0-1 (39) Penning Reef,E-Houdart,D (2155) Agneaux 2003}) 10. a3 $1 $18 exd5 11. axb4 {[%emt 0:00:01] Strongly threatening e5.} d4 12. Na4 {[%emt 0:01:25] And now h3 would win.} cxb4 (12... d3 {is a better defense.}) 13. Qxd4 Nd7 14. Be3 b5 15. Nb6 {[%emt 0:00:21] Black did not feel at home in the position after the opening.  Weighted Error Value: White=0.16 (very precise) /Black=0.70} 1-0